Map: Затон РВ

Players

Murena - Winner!

  • Race: Terran Terran
  • Spawn Location: 5:00

ИИ 1 (эксперт)

  • Race: Zerg Zerg
  • Spawn Location: 11:00

VOD

Have the link to the VOD?

Description

Time

  • Played on: Feb. 27, 2019, 3:01 a.m.
  • Length: 9:18
Show
View Real Time Build Order
Export as new Build Order

Murena Terran - Winner!

Build Orders: 1/1/1, Banshee Rush 

Get SALT Encoding   

  12  0:00  SCV  
  13  0:12  SCV  
  14  0:18  Refinery  
  14  0:26  Supply Depot  
  14  0:28  SCV  
  15  0:47  SCV  
  15  0:48  Barracks  
  16  1:00  SCV  
  17  1:04  Supply Depot  
  17  1:12  SCV  
  18  1:25  SCV  
  19  1:36  Marine  
  19  1:38  Factory  
  19  1:39  SCV  
  21  1:40  Refinery  
  21  1:53  SCV  
  22  1:54  Marine  
  23  2:05  SCV  
  24  2:12  Marine  
  25  2:16  Supply Depot  
  25  2:18  SCV  
  25  2:22  Starport  
  26  2:27  Factory Reactor  
  26  2:30  SCV  
  26  2:31  Barracks Reactor  
  27  2:44  SCV  
  27  2:46  Starport  
  28  2:56  Orbital Command  
  28  2:59  Starport Tech Lab  
  28  3:05  Hellion  
  30  3:08  Marine  
  30  3:10  Marine  
  32  3:19  Banshee  
  32  3:24  Starport Tech Lab  
  35  3:29  Supply Depot  
  35  3:32  SCV  
  36  3:42  Banshee  
  36  3:44  Cloaking Field  
  39  3:51  Supply Depot  
  39  3:57  SCV  
  40  4:03  Banshee  
  43  4:11  SCV  
  44  4:25  Command Center  
  44  4:29  Banshee  
  47  4:32  SCV  
  48  4:46  Banshee  
  48  4:50  SCV  
  48  4:51  Supply Depot  
  52  4:57  Engineering Bay  
  52  5:03  SCV  
  53  5:09  Hellion  
  53  5:12  Banshee  
  58  5:17  Supply Depot  
  58  5:28  Missile Turret  
  58  5:29  Banshee  
  58  5:33  SCV  
  62  5:38  Supply Depot  
  62  5:39  Orbital Command  
  62  5:45  Hyperflight Rotors  
  62  5:51  Refinery  
  62  5:53  Refinery  
  62  5:58  SCV  
  63  6:04  SCV  
  64  6:13  Starport  
  64  6:14  Viking  
  64  6:16  SCV  
  67  6:24  Marine  
  67  6:25  Marine  
  69  6:26  Hellion  
  69  6:27  Hellion, Viking  
  69  6:31  SCV  
  69  6:32  SCV  
  77  6:44  SCV  
  77  6:45  SCV  
  77  6:46  Viking  
  81  6:50  Marine x2, Starport Tech Lab  
  83  6:55  Supply Depot  
  83  6:56  SCV  
  83  6:57  Missile Turret  
  83  6:59  Viking  
  86  7:03  Hellion  
  86  7:05  SCV  
  89  7:10  Viking  
  89  7:11  Marine  
  89  7:12  Marine  
Show
View Real Time Build Order
Export as new Build Order

ИИ 1 (эксперт) Zerg 

Build Orders: Hatch First 

Get SALT Encoding   

  12  0:00  Drone  
  13  0:12  Overlord  
  13  0:16  Drone  
  14  0:30  Drone x2  
  14  0:34  Drone  
  17  0:54  Hatchery  
  17  0:56  Drone  
  17  1:12  Spawning Pool  
  17  1:14  Drone  
  17  1:17  Extractor  
  16  1:19  Drone  
  16  1:24  Drone  
  18  1:27  Drone  
  19  1:38  Overlord  
  19  1:49  Drone  
  20  1:58  Queen  
  20  1:59  Zergling x2  
  23  2:05  Drone  
  24  2:13  Queen  
  26  2:20  Drone  
  27  2:32  Roach Warren  
  27  2:33  Extractor  
  27  2:36  Drone  
  26  2:39  Drone  
  27  2:45  Overlord  
  27  2:49  Drone  
  28  2:53  Drone  
  28  2:56  Drone  
  30  3:00  Drone  
  30  3:02  Drone  
  32  3:06  Zergling x2  
  32  3:10  Zergling x2  
  34  3:15  Roach  
  34  3:18  Roach  
  38  3:22  Roach  
  38  3:27  Roach  
  42  3:29  Drone  
  42  3:31  Drone  
  44  3:37  Overlord  
  44  3:44  Lair  
  44  3:48  Metabolic Boost  
  44  3:55  Drone x2  
  45  3:57  Drone  
  45  4:00  Drone  
  45  4:02  Drone  
  49  4:05  Drone  
  49  4:07  Drone  
  51  4:11  Overlord  
  51  4:13  Drone  
  52  4:18  Evolution Chamber  
  52  4:19  Drone  
  52  4:23  Evolution Chamber  
  52  4:24  Drone  
  52  4:29  Drone x2  
  54  4:33  Drone  
  54  4:35  Drone  
  54  4:37  Drone  
  57  4:39  Drone  
  57  4:43  Infestation Pit  
  57  4:44  Drone  
  58  4:46  Zerg Missile Weapons Level 1  
  58  4:49  Zerg Ground Armor Level 1  
  58  4:51  Overlord  
  58  4:55  Overlord  
  58  4:57  Drone  
  58  4:58  Zergling x2  
  60  5:10  Roach, Drone  
  60  5:11  Roach  
  60  5:12  Hydralisk Den  
  60  5:13  Drone  
  66  5:14  Drone  
  66  5:17  Overlord  
  66  5:19  Drone  
  67  5:25  Extractor  
  67  5:26  Drone  
  67  5:29  Infestor  
  67  5:31  Extractor, Drone  
  67  5:35  Roach  
  71  5:39  Roach, Overlord  
  71  5:41  Hydralisk  
  75  5:47  Hydralisk  
  75  5:48  Drone x2  
  79  5:53  Roach, Drone x2  
  83  5:58  Overlord  
  83  5:59  Roach, Drone  
  86  6:08  Infestor  
  88  6:12  Hatchery  
  88  6:16  Ravager  
  88  6:19  Roach, Overlord  
  88  6:25  Ravager  
  91  6:28  Roach  
  91  6:31  Hydralisk  
  95  6:36  Hydralisk  
  95  6:37  Overlord  
  95  6:38  Spine Crawler  
  95  6:39  Drone  
  97  6:51  Infestor  
  99  7:04  Infestor  
  99  7:07  Overlord  
  99  7:08  Roach  
  103  7:09  Roach, Spine Crawler, Drone  
  105  7:16  Roach  
  105  7:19  Overseer  
  107  7:24  Queen  
  107  7:25  Drone x4  
  107  7:26  Overlord, Drone x4  
  107  7:27  Drone x2  
  119  7:33  Drone  
  119  7:34  Drone x3  
  119  7:35  Drone  
  124  7:37  Extractor  
  124  7:38  Extractor, Drone  
  124  7:43  Drone  
  124  7:45  Overlord  
  124  7:48  Drone  
  124  7:50  Baneling Nest, Hydralisk x2  
  124  7:51  Drone  
  115  7:55  Zergling x2  
  115  7:56  Drone  
  110  7:59  Drone  
  110  8:00  Overseer  
  102  8:06  Drone, Infestor, Zergling x2  
  102  8:07  Drone x2  
  102  8:11  Roach  
  91  8:17  Zergling x2  
  91  8:18  Roach  
  87  8:21  Hydralisk  
  87  8:22  Spore Crawler, Roach x2, Drone  
  84  8:28  Roach  
  84  8:29  Roach  
  84  8:32  Hydralisk  
  79  8:34  Drone  
  79  8:35  Baneling, Drone x2  
  79  8:39  Drone  
  79  8:40  Roach  
  73  8:44  Zergling x2  
Tags
 
Add a new tag
Caveats
  • Supply blocks, unpowered buildings, or Contaminate may cause inaccurate times.
  • Supply counts are checked every 10 seconds.